 Dungeon Crawl Stone Soup version 0.23.2-30-g0e89c35649 (webtiles) character file.

Game seed: 15316486199348965574

272 troglodite the Grave Robber (level 6, -19/44 HPs)
             Began as a Demonspawn Necromancer on June 18, 2019.
             Demolished by an ogre
             ... wielding a +0 giant club
              (23 damage)
             ... on level 3 of the Dungeon.
             The game lasted 00:11:06 (4855 turns).

troglodite the Grave Robber (DsNe)                  Turns: 4855, Time: 00:11:06

Health: -19/44     AC: 12    Str:  8    XL:     6   Next: 2%
Magic:  9/10       EV: 11    Int: 18    God:
Gold:   182        SH:  0    Dex: 14    Spells: 2/10 levels left

rFire    . . .     SeeInvis +   y - +1 long sword (protect)
rCold    . . .     Gourm    .   (no shield)
rNeg     . . .     Faith    .   d - +0 ring mail
rPois    .         Spirit   .   (helmet restricted)
rElec    .         Reflect  .   (no cloak)
rCorr    .         Harm     .   (no gloves)
MR       +....                  (no boots)
Stlth    ++........             (no amulet)
HPRegen  0.14/turn              n - ring of protection from magic
MPRegen  0.12/turn              i - ring of see invisible

@: protection aura
A: antennae 1, spiny 1, rot immunity, sturdy frame 1
a: no special abilities


You were on level 3 of the Dungeon.
You were very hungry.

You visited 1 branch of the dungeon, and saw 4 of its levels.

You collected 182 gold pieces.

Inventory:

Hand Weapons
 y - a +1 long sword of protection (weapon)
Missiles
 k - 40 stones (quivered)
Armour
 a - a +0 robe
 d - a +0 ring mail (worn)
Jewellery
 i - a ring of see invisible (right hand)
 n - a ring of protection from magic (left hand)
Scrolls
 e - 4 scrolls of remove curse {unknown}
 f - a scroll of blinking {unknown}
 j - 2 scrolls of teleportation {unknown}
 l - a scroll of identify {unknown}
 m - 2 scrolls of fear {unknown}
 o - a scroll of enchant armour {unknown}
 q - 2 scrolls of noise {unknown}
 w - a scroll of random uselessness {unknown}
Potions
 g - a potion of might {unknown}
 h - 3 potions of curing {unknown}
 p - a potion of degeneration {unknown}
 t - a potion of agility {unknown}
 u - a potion of lignification {unknown}
 v - a potion of heal wounds {unknown}
 x - a potion of invisibility {unknown}
 z - a potion of flight {unknown}
Comestibles
 c - 6 rations


   Skills:
 * Level 1.7 Fighting
   Level 0.4(0.5) Short Blades
 + Level 0.1(0.3) Long Blades
 * Level 2.7 Armour
 + Level 2.1 Dodging
 + Level 1.9 Stealth
 * Level 2.7 Spellcasting
 * Level 1.4 Charms
 * Level 5.4 Necromancy


You had 2 spell levels left.
You knew the following spells:

 Your Spells              Type           Power        Failure   Level  Hunger
a - Pain                  Necr           ###.         3%          1    #......
b - Regeneration          Chrm/Necr      ##........   22%         3    ###....
c - Animate Dead          Necr           N/A          30%         4    #####..

Your spell library contained the following spells:

 Spells                   Type           Power        Failure   Level  Hunger
 Animate Skeleton         Necr           N/A          3%          1    #......
 Vampiric Draining        Necr           ###.......   10%         3    ###....


Dungeon Overview and Level Annotations

Branches:
Dungeon (4/15)             Temple (0/1) D:4

Altars:

Annotations:
D:4 Eustachio


Innate Abilities, Weirdness & Mutations

You have a pair of small antennae on your head.
You are partially covered in sharp spines.
You are immune to rotting.
Your movements are slightly less encumbered by armour. (ER -2)


Message History

You barely miss the ogre.
The ogre is heavily wounded.
The ogre hits you with a +0 giant club.
* * * LOW HITPOINT WARNING * * *
You closely miss the ogre.
The ogre is heavily wounded.
The ogre misses you.
You hit the ogre but do no damage.
The ogre is heavily wounded.
The ogre hits you with a +0 giant club.
* * * LOW HITPOINT WARNING * * *
Casting: Pain (safe; 3% risk of failure)
Confirm with . or Enter, or press ? or * to list all spells.
Aiming: Pain (safe; 3% risk of failure)
Press: ? - help, Shift-Dir - straight line, f - ogre
Aim: an ogre, wielding a +0 giant club (heavily wounded, chance to defeat MR: 81%)
The ogre writhes in agony!
The ogre hits you with a +0 giant club!!
Ouch! That really hurt!
You die...

#.# #.#.##.##.# ##.##
#.#######.#.##..#.# ##...##
#.........#.###.#.# ##.....##
#########.#.##....######.......#
#....#..................#
#..###.....######.....(.#
#<....<....# ##.....##
#..###.#.### ##...## #..# ###@#
##### #..# #O# #..# #.# #..# #.#
#########..# #.# ...........#
#.# ....######># #.#
.##....###.#####.#
.##..#...........#


You could see an ogre.

Vanquished Creatures
  Blork the orc (D:3)
  A crimson imp (D:3)
  4 gnolls (D:4)
  5 adders
  An ooze (D:2)
  A worm (D:3)
  4 leopard geckos
  5 orcs
  7 giant cockroaches
  3 goblins
  8 hobgoblins
  4 jackals (D:3)
  7 kobolds
  4 quokkas
  3 ball pythons
  3 bats
  4 frilled lizards
  6 rats
71 creatures vanquished.

Notes
Turn   | Place    | Note
-------+----------+-------------------------------------------
     0 | D:1      | troglodite the Demonspawn Necromancer began the quest for
                  | the Orb.
     0 | D:1      | Reached XP level 1. HP: 13/13 MP: 3/3
   621 | D:1      | Gained mutation: You are partially covered in sharp spines.
                  | [demonic ancestry]
   621 | D:1      | Reached XP level 2. HP: 17/19 MP: 5/5
  1331 | D:2      | Reached skill level 5 in Necromancy
  1331 | D:2      | Gained mutation: Your movements are slightly less
                  | encumbered by armour. (ER -2) [demonic ancestry]
  1331 | D:2      | Reached XP level 3. HP: 12/24 MP: 6/6
  1417 | D:2      | Learned a level 3 spell: Regeneration
  1446 | D:2      | You fall through a shaft!
  1461 | D:3      | Reached skill level 1 in Armour
  2588 | D:3      | Gained mutation: You are immune to rotting. [demonic
                  | ancestry]
  2588 | D:3      | Reached XP level 4. HP: 25/31 MP: 7/7
  2684 | D:3      | Reached skill level 1 in Fighting
  2856 | D:3      | Reached skill level 1 in Charms
  3493 | D:3      | Gained mutation: You have a pair of small antennae on your
                  | head. [demonic ancestry]
  3493 | D:3      | Reached XP level 5. HP: 37/37 MP: 8/8
  3515 | D:3      | Learned a level 4 spell: Animate Dead
  3603 | D:4      | Noticed Eustachio
  3661 | D:4      | Noticed Blork the orc
  3670 | D:3      | Killed Blork the orc
  4370 | D:4      | Reached XP level 6. HP: 16/44 MP: 5/10
  4373 | D:4      | Found a staircase to the Ecumenical Temple.
  4677 | D:4      | HP: 1/44 [ogre/+0 giant club (15)]
  4855 | D:3      | Demolished by an ogre

Skill      XL: |  1  2  3  4 |
---------------+-------------+-----
Necromancy     | 5 |  5.4
Armour         | 1 2 |  2.7
Fighting       | 1 |  1.7
Dodging        | 2 |  2.1
Charms         | 1 |  1.4
Short Blades   | |  0.4
Long Blades    | |  0.1
Stealth        | |  1.9
Spellcasting   | |  2.7

Action                   |  1- 3 |  4- 6 || total
-------------------------+-------+-------++-------
Melee: Dagger            |   280 |    70 ||   350
       Unarmed           |     5 |       ||     5
       Long sword        |       |    27 ||    27
 Cast: Pain              |     7 |    11 ||    18
       Regeneration      |       |     2 ||     2
 Stab: Sleeping          |     6 |     2 ||     8
  Eat: Chunk             |     4 |     8 ||    12
Armor: Ring mail         |   100 |    21 ||   121
Dodge: Dodged            |   152 |    58 ||   210
       Rpst.: Long sword |       |     7 ||     7
